 Dungeon Crawl Stone Soup version 0.30-a0-913-g9934a0ce24 (webtiles) character file.

Game seed: 8482492004811612588

64 Iniera the Cutter (level 4, -1/21 (23) HPs)
             Began as a Vine Stalker Monk on Mar 19, 2023.
             Slain by an orc
             ... wielding a +0 war axe
              (6 damage)
             ... on level 3 of the Dungeon.
             The game lasted 00:02:14 (1404 turns).

Iniera the Cutter (Vine Stalker Monk)               Turns: 1404, Time: 00:02:14

HP:   -1/21 (23)    AC:  4    Str: 13    XL:     4   Next: 12%
MP:   0/5           EV: 12    Int: 10    God:
Gold: 78            SH:  0    Dex: 19    Spells: 3/3 levels left

rFire   . . .      SeeInvis .    a - +0 short sword
rCold   . . .      Faith    .    (no shield)
rNeg    . . .      Spirit   +    j - +0 troll leather armour
rPois   .          Reflect  .    (no helmet)
rElec   .          Rampage  .    (no cloak)
rCorr   .                        (no gloves)
Will    .....                    (no boots)
Stlth   ++                       (no amulet)
HPRegen 1.83/turn                (no ring)
MPRegen 0.09/turn                (no ring)

@: drained
A: fangs 2, regeneration 1, magic shield, antimagic bite, no potion heal 2
a: no special abilities


You were on level 3 of the Dungeon.
You visited 1 branch of the dungeon, and saw 3 of its levels.

You collected 78 gold pieces.

Inventory:

Hand Weapons
 a - a +0 short sword (weapon)
Armour
 j - a +0 troll leather armour (worn)
Scrolls
 b - 2 scrolls of amnesia
 i - 4 scrolls of teleportation
Potions
 c - a potion of ambrosia
 d - a potion of cancellation {unknown}
 g - a potion of flight {unknown}
 h - a potion of resistance {unknown}
 l - a potion of heal wounds {unknown}
 m - a potion of haste {unknown}


   Skills:
 - Level 2.6 Fighting
 * Level 4.4 Short Blades
 - Level 2.4 Dodging
 - Level 2.4 Stealth


You had 3 spell levels left.
You didn't know any spells.
Your spell library contained the following spells:

 Spells                   Type           Power      Damage    Failure   Level
 Shock                    Conj/Air       0%         1d3       43%         1
 Swiftness                Air            0%         N/A       82%         3
 Airstrike                Air            0%         2d(0-16)  99%         4


Dungeon Overview and Level Annotations

Branches:
Dungeon (3/15)

Altars:

Shops:
D:1 [


Innate Abilities, Weirdness & Mutations

You have extremely sharp teeth.
Your natural rate of healing is unusually fast.
When hurt, damage is shared between your health and your magic reserves.
Your bite disrupts and absorbs the magic of your enemies.
Potions cannot restore your health.


Message History

There are monsters nearby! 2 orcs come into view.
An orc is wielding a +2 hand axe of draining.
Found a quarterstaff.
Found 7 gold pieces.
The orc shouts! x3
A ball python comes into view.
The orc closely misses you.
The ball python hisses angrily.
You hit the orc. Your bite misses the orc.
The orc is lightly wounded.
You hit the orc. You bite the orc, but do no damage.
The orc is heavily wounded.
The orc hits you with a +0 short sword. The orc barely misses you.
You hit the orc but do no damage.
The orc is heavily wounded.
The orc hits you with a +0 short sword.
A dart slug comes into view.
The orc hits you with a +0 war axe!
The orc hits you with a +2 hand axe of draining.
You feel drained. The quokka bites you.
Really read the scroll of poison?
Okay, then.
Unknown command.
Really read the scroll of poison?
The air fills with toxic fumes!
As you read the scroll of poison, it crumbles to dust.
The quokka bites you but does no damage.
The orc hits you but does no damage.
The orc hits you with a +2 hand axe of draining!
* * * LOW HITPOINT WARNING * * *
You feel drained.
* * * LOW HITPOINT WARNING * * *
The orc closely misses you.
Unknown command.
Unknown command.
Unknown command.
Really stalk into that cloud of poison gas?
The orc attacks as you move away! The orc hits you with a +0 war axe!
You die...

#.......##.
..§§§§§§§#..[.......
.§§§§§§§#.#'#...... §
.§§§§§§§#.#.#.###..
§§#+###§§S§§§#.#......<.
w§§§§§§§§§§§§#.#........
§§§§§§§§§§§§§#§#........
§§§§§§o§§§§§§§§.........
§§§§§§o@§§§§§§§.........
#§§§§§ro§§§§§§§.........
§§§§§§§§§§§§§§§.........
§§§§§§§§§§§§§§§..###....
§§§§§§§§§§§§§§§..# ....
§§§§§§§§§§§§§§§..# ...
§§§§§§§§§###+#+###
§§§§§§§§§# ......


You could see a dart slug (wandering), 3 orcs, a quokka and a ball python.

Vanquished Creatures
  An adder (D:2)
  A dart slug (D:3)
  7 endoplasms
  2 giant cockroaches
  3 goblins
  8 hobgoblins
  3 quokkas
  6 ball pythons
  6 bats
  2 frilled lizards (D:1)
  3 kobolds
  7 rats
49 creatures vanquished.

Notes
Turn   | Place    | Note
-------+----------+-------------------------------------------
     0 | D:1      | Iniera the Vine Stalker Monk began the quest for the Orb.
     0 | D:1      | Reached XP level 1. HP: 11/11 MP: 2/2
   116 | D:1      | Reached skill level 3 in Short Blades
   118 | D:1      | Found Ryulau Gemm's Armour Shoppe.
   137 | D:1      | Reached XP level 2. HP: 14/16 MP: 0/3
   459 | D:1      | Reached XP level 3. HP: 19/19 MP: 4/4
   787 | D:2      | Reached skill level 4 in Short Blades
  1265 | D:2      | Gained mutation: Your natural rate of healing is unusually
                  | fast. [Vine Stalker growth]
  1265 | D:2      | Reached XP level 4. HP: 23/23 MP: 5/5
  1404 | D:3      | Slain by an orc

Illustrated notes

Levels and vault maps discovered:
D:1:      dpeg_arrival_concentric_ovals, layout_rooms, serial_shops,
          nicolae_shop_crystal, minivault_24, minmay_pentomino_t2
D:2:      layout_loops_cross, minivault_11
D:3:      layout_basic, mainiacjoe_overflow_six_doors_small, uniq_ijyb,
          uniq_jessica

Skill      XL: |  1  2  3 |
---------------+----------+-----
Short Blades   | 3 4 |  4.4
Fighting       | |  2.6
Dodging        | |  2.4
Stealth        | |  2.4

Action                     |  1- 3 |  4- 6 || total
---------------------------+-------+-------++-------
  Melee: Short sword       |   105 |    16 ||   121
         Bite              |    26 |     7 ||    33
    Use: Scroll            |     6 |     1 ||     7
   Stab: Sleeping          |     7 |     1 ||     8
 Armour: Robe              |     7 |       ||     7
         Troll leather arm |    18 |     4 ||    22
  Dodge: Dodged            |    51 |    10 ||    61

Table legend: (Time is in decaauts)
 A = Elapsed time spent in this place.
 B = Non-inter-level travel time spent in this place.
 C = Inter-level travel time spent in this place.
 D = Time resting spent in this place.
 E = Time spent auto-exploring this place.
 F = Levels seen in this place.
 G = Mean time per level.
                   A        B        C        D        E       F      G
               +--------+--------+--------+--------+--------+-----+--------+
         Total |   1380 |   1331 |     49 |    100 |    893 |   3 |  460.0 |
       Dungeon |   1380 |   1331 |     49 |    100 |    893 |   3 |  460.0 |
               +--------+--------+--------+--------+--------+-----+--------+

Top non-repeatable levels by time:
     D:2: 672 daAuts
     D:1: 636 daAuts
     D:3: 72 daAuts
